 Dungeon Crawl Stone Soup version 0.30.0-20-g3b4254fcbd (webtiles) character file.

Game seed: 14510711441694506664

8710 RascalDebosk the Thaumaturge (level 11, -1/79 HPs)
             Began as a Djinni Conjurer on June 3, 2023.
             Was a Follower of Ashenzari.
             Killed from afar by a gargoyle (24 damage)
             ... with a stone arrow
             ... on level 8 of the Dungeon.
             The game lasted 01:05:35 (9341 turns).

RascalDebosk the Thaumaturge (Djinni Conjurer)      Turns: 9341, Time: 01:05:36

Health: -1/79      AC:  5    Str: 12    XL:     11   Next: 60%
Gold:   318        EV: 12    Int: 23    God:    Ashenzari [*.....] SH:  0 Dex: 13

rFire   + + .        o - +1 rapier (chaos)
rCold   x . .        (no shield)
rNeg    + + .        E - +0 leather armour "Igymagy" {*Slow rPois rN++ Slay+3}
rPois   ∞            c - +0 helmet
rElec   .            d - scarf {+Inv}
rCorr   .            b - +0 pair of gloves
SInv    .            (boots unavailable)
Will    +....        h - amulet of the Eye in the Sky {Regen+, Self, Cun} (curse)
Stlth   ++           p - ring "Sublime Augurer" {Str+6, Melee, Cun} (curse)
HPRegen 1.13/turn    (no ring)
MPRegen 0.00/turn

%: slow self (1%), infuse magic (-2 HP)
@: flying, very slightly contaminated
A: sickness immunity, fire resistance 2, cold vulnerability 1, float, innate
caster, HP casting, extra vitality 1
a: Renounce Religion, Evoke Invisibility, Shatter the Chains


You were on level 8 of the Dungeon.
You worshipped Ashenzari.
Ashenzari was aware of your devotion.
You visited 2 branches of the dungeon, and saw 9 of its levels.
You also visited: Sewer and Bailey.

You collected 318 gold pieces.

Inventory:

Hand Weapons
 o - a +1 rapier of chaos (weapon)
Armour
 b - a +0 pair of gloves (worn)
 c - a +0 helmet (worn)
 d - a scarf of invisibility (worn)
 E - the +0 leather armour "Igymagy" (worn) {*Slow rPois rN++ Slay+3}
   (You found it on level 6 of the Dungeon)

   Slay:      It affects your accuracy & damage with ranged weapons and melee
   (+3).
   rPois:     It protects you from poison.
   rN:        It greatly protects you from negative energy.
   *Slow:     It may slow you when you take damage.
Jewellery
 h - the cursed amulet of the Eye in the Sky (around neck) {Regen+, Self, Cun}
   (You found it on level 2 of the Dungeon)

   [amulet of regeneration]

   Regen:     It increases your rate of health regeneration.
   It has a curse which improves the following skills: Introspection: Fighting
   and Spellcasting.
   Cunning:   Dodging and Stealth.
 p - the cursed ring "Sublime Augurer" (left hand) {Str+6, Melee, Cun}
   (You found it on level 4 of the Dungeon)

   [ring of strength]

   Str:       It affects your strength (+6).
   It has a curse which improves the following skills: Melee Combat: Short
   Blades, Long Blades, Axes, Maces & Flails, Polearms, Staves and Unarmed
   Combat.
   Cunning:   Dodging and Stealth.
Wands
 a - a wand of polymorph (6)
 k - a wand of charming (10)
 D - a wand of roots (7)
 I - a wand of flame (12)
Scrolls
 f - a scroll of fog
 g - 3 scrolls of blinking
 i - 2 scrolls of noise
 l - 3 scrolls of immolation
 s - a scroll of poison
 t - 8 scrolls of teleportation
 v - a scroll of fear
 y - a scroll of vulnerability
 C - a scroll of magic mapping
 F - a scroll of silence
Potions
 e - a potion of lignification
 j - 5 potions of haste
 n - 2 potions of attraction
 q - 3 potions of curing
 r - a potion of invisibility
 u - 2 potions of brilliance
 x - 8 potions of heal wounds
 z - 3 potions of might
 B - 4 potions of mutation
 H - a potion of resistance


   Skills:
 + Level 6.5(7.3) Fighting
 + Level 4.4(5.2) Short Blades
 - Level 4.0 Armour
 - Level 2.1(3.1) Dodging
 - Level 3.0(4.0) Stealth
 * Level 11.5(12.2) Spellcasting
 + Level 3.9 Evocations


You knew the following spells:

 Your Spells              Type           Power      Damage    Failure   Level
a - Magic Dart            Conj           100%       1d8       1%          1
b - Searing Ray           Conj           100%       2d8       1%          2
c - Dazzling Flash        Conj/Hex       100%       N/A       1%          3
d - Fulminant Prism       Conj/Hex       31%        3d16      1%          4
e - Iskenderun's Mystic   Conj/Tloc      63%        2d13      1%          4
f - Slow                  Hex            100%       N/A       1%          1
g - Poisonous Vapours     Pois/Air       100%       N/A       1%          2
h - Inner Flame           Hex/Fire       63%        N/A       1%          3
i - Spider Form           Tmut/Pois      63%        N/A       1%          3
j - Irradiate             Conj/Tmut      31%        3d22      1%          5
Your spell library was empty.

Dungeon Overview and Level Annotations

Branches:
Dungeon (8/15)             Temple (1/1) D:5            Lair (0/5) D:8
  Sewer (visited)          Bailey (visited)

Altars:
Ashenzari
Cheibriados
Dithmenos
Elyvilon
Fedhas
Gozag
Hepliaklqana
Makhleb
Nemelex Xobeh
Okawaru
Qazlal
Ru
Trog
Uskayaw
Wu Jian
Xom
Yredelemnul
Zin
The Shining One
Jiyva

Shops:
D:6 (

Annotations:
D:8 3 runed translucent doors, GimliDwarf's ghost, journeyman TeAE


Innate Abilities, Weirdness & Mutations

You are immune to sickness and miasma.
You are immune to poison.
Your flesh is very heat resistant. (rF++)
You are vulnerable to cold. (rC-)
You float through the air rather than walking.
You learn spells naturally, not from books.
Your magical power is your life essence.
You have superior vitality. (+4 MHP)


Message History

Aim: a kobold, wielding a +0 dagger Poisonous vapours surround the kobold!
The kobold looks as sick as possible!
You kill the kobold!
You reach down and open the door.
Found a staircase to the Lair.
There is an open door here.
Things that are here:
a +0 short sword; 7 poisoned darts; a +0 chain mail
Items here: ( )) †.
g - 3 scrolls of blinking (gained 1)
You see here a +0 chain mail.
Found a stone staircase leading down.
Found a +0 short sword.
You reach down and open the door.
There is an open door here.
You reach down and open the large door.
Found a +0 war axe.
There is a large open door here. 2 orcs come into view.
An orc is wielding a +1 falchion of distortion.
Found 34 gold pieces.
Casting: Poisonous Vapours (safe; 1% risk of failure)
Confirm with . or Enter, or press ? or * to list all spells.
Aiming: Inner Flame (safe; 1% risk of failure)
Press: ? - help, Dir - move target, f - orc
Aim: an orc, wielding a +0 club (asleep, chance to affect: 99%)
The orc shouts!
The orc is filled with an inner flame.
The orc shouts!
You hear a shout!
A centaur warrior comes into view.
An orc comes into view. It is wielding a +0 club.
An orc wizard comes into view. It is wielding a +0 dagger.
Casting: Inner Flame (safe; 1% risk of failure)
Confirm with . or Enter, or press ? or * to list all spells.
Aiming: Poisonous Vapours (safe; 1% risk of failure)
Press: ? - help, Dir - move target, f/p - orc
Aim: an orc, wielding a +0 club (inner flame) Poisonous vapours surround the orc!
The orc looks as sick as possible!
The centaur warrior shouts!
The orc wizard shouts!
The orc shouts!
You hear a bellow!
Flame seeps out of the orc.
The centaur warrior wields a +0 shortbow.
The centaur warrior shoots an arrow.
The arrow misses you.
The orc is engulfed in blazing flames.
The orc explodes!
A gargoyle comes into view. It is wielding a +0 mace.
Casting: Poisonous Vapours (safe; 1% risk of failure)
Confirm with . or Enter, or press ? or * to list all spells.
Aiming: Poisonous Vapours (safe; 1% risk of failure)
Press: ? - help, Dir - move target, f - orc
Aim: an orc, wielding a +0 club Poisonous vapours surround the orc!
The orc is poisoned.
The centaur warrior shoots an arrow.
The arrow completely misses you.
The orc wizard gestures at you while chanting.
You resist with almost no effort.
An orc comes into view. It is wielding a +0 dagger.
The centaur warrior shoots an arrow.
The arrow hits you!!
Casting: Poisonous Vapours (safe; 1% risk of failure)
Confirm with . or Enter, or press ? or * to list all spells.
Aiming: Inner Flame (safe; 1% risk of failure)
Press: ? - help, Dir - move target, f/p - orc
Aim: an orc, wielding a +0 club (very poisoned, chance to affect: 99%)
The orc is filled with an inner flame.
Flame seeps out of the orc.
The centaur warrior shoots an arrow.
The arrow barely misses you.
The orc wizard points at you and mumbles some strange words.
The magic dart hits you.
The orc is engulfed in blazing flames.
The orc explodes!
The fiery explosion engulfs the orc!!
You kill the orc!
The fiery explosion engulfs the orc wizard!!
You kill the orc wizard!
The fiery explosion engulfs the orc!!
You kill the orc!
You hear a bellow!
Casting: Inner Flame (safe; 1% risk of failure)
Confirm with . or Enter, or press ? or * to list all spells.
Aiming: Inner Flame (safe; 1% risk of failure)
Press: ? - help, Dir - move target, f - gargoyle
Aim: a gargoyle, wielding a +0 mace (chance to affect: 89%)
The gargoyle is filled with an inner flame.
The centaur warrior shoots an arrow.
The arrow hits you.
A yak comes into view.
The centaur warrior shoots an arrow.
The arrow hits you.
The gargoyle hurls a stone arrow at you.
The stone arrow hits you!
* * * LOW HITPOINT WARNING * * *
2 yaks come into view.
The yak bellows!
The yak moves out of view.
Casting: Inner Flame (safe; 1% risk of failure)
Confirm with . or Enter, or press ? or * to list all spells.
You erupt in a fountain of uncontrolled magic!
The gargoyle is blasted with magical radiation!!
Flame seeps out of the gargoyle.
The gargoyle is almost destroyed.
You are very lightly contaminated with residual magic.
* * * LOW HITPOINT WARNING * * *
The gargoyle hurls a stone arrow at you.
The stone arrow hits you!!
You die...

....... ......
.......##......
......Y#$$#.....
..§§).......)...
.§§)§........... ##.
#)§§..Y......... ....
#§.....9c...... ..P.
#.....@......# ....
##..........## P...
##........## #........
#######''#######.....P♣P
..................P.....
.########........#......
+......'........+...♣..
########........#..P...
#####.)......#...P..


You could see a centaur warrior, 2 yaks and a gargoyle (inner flame).

Vanquished Creatures
  Maurice (D:8)
  A shadow (D:8)
  3 yaks (D:8)
  5 wyverns (D:8)
  A steam dragon (D:8)
  Menkaure (D:5)
  6 water moccasins
  An orc warrior (Bailey)
  A sky beast (D:7)
  A centaur (D:8)
  4 kobold brigands
  4 bullfrogs
  5 scorpions
  3 orc priests
  2 hounds (D:4)
  A jelly (D:5)
  5 iguanas
  2 sleepcaps
  2 orc wizards
  Robin (D:4)
  15 gnolls
  11 adders
  5 river rats (Sewer)
  3 white imps
  2 ufetubi
  4 worms
  3 dart slugs
  28 orcs
  8 ball pythons
  6 endoplasms
  7 giant cockroaches
  4 hobgoblins
  2 jackals (D:2)
  13 kobolds
  4 quokkas
  4 bats
  A frilled lizard (D:2)
  20 goblins
  4 rats
  A spectral goblin (D:1)
195 creatures vanquished.

Vanquished Creatures (others)
  4 fulminant prisms (D:5)
4 creatures vanquished.

Grand Total: 199 creatures vanquished

Notes
Turn   | Place    | Note
-------+----------+-------------------------------------------
     0 | D:1      | RascalDebosk the Djinni Conjurer began the quest for the
                  | Orb.
     0 | D:1      | RascalDebosk set off with the following spells memorised:
                  | Magic Dart, Searing Ray, Dazzling Flash, Fulminant Prism,
                  | Iskenderun's Mystic Blast.
     0 | D:1      | Reached XP level 1. HP: 15/15 MP: 0/0
   196 | D:1      | Reached XP level 2. HP: 19/21 MP: 0/0
   479 | D:1      | Found a faded altar of an unknown god.
   891 | D:2      | Reached XP level 3. HP: 23/25 MP: 0/0
   891 | D:2      | Learned a level 1 spell: Slow
   956 | D:2      | Reached skill level 4 in Spellcasting
  1154 | D:2      | Reached XP level 4. HP: 29/31 MP: 0/0
  1735 | D:3      | Reached XP level 5. HP: 20/36 MP: 0/0
  1735 | D:3      | Learned a level 2 spell: Poisonous Vapours
  2742 | D:4      | Reached skill level 1 in Fighting
  2742 | D:4      | Reached skill level 1 in Armour
  2753 | D:4      | Reached XP level 6. HP: 32/42 MP: 0/0
  2864 | D:4      | Reached skill level 5 in Spellcasting
  2898 | D:4      | Found a glowing drain.
  2932 | Sewer    | Entered a sewer
  3115 | Sewer    | Reached XP level 7. HP: 42/49 MP: 0/0
  3115 | Sewer    | Learned a level 3 spell: Inner Flame
  3668 | D:4      | Killed Robin
  3934 | D:4      | Found an ornate altar of the Wu Jian Council.
  4642 | D:5      | Entered Level 5 of the Dungeon
  4692 | D:5      | Reached skill level 6 in Spellcasting
  4692 | D:5      | Reached XP level 8. HP: 50/56 MP: 0/0
  4809 | D:5      | Found a staircase to the Ecumenical Temple.
  4819 | Temple   | Entered the Ecumenical Temple
  4921 | Temple   | Became a worshipper of Ashenzari the Shackled
  5260 | D:5      | Noticed Menkaure
  5265 | D:5      | Killed Menkaure
  5698 | D:6      | Found Beleghe's Antique Weapon Shoppe.
  6063 | D:6      | Identified the +0 leather armour "Igymagy" {*Slow rPois
                  | rN++ Slay+3}
  6108 | D:6      | Found a shimmering altar of Xom.
  6108 | D:6      | Found a sacrificial altar of Ru.
  6108 | D:6      | Found a basalt altar of Yredelemnul.
  6108 | D:6      | Found a bloodstained altar of Trog.
  6311 | D:6      | Reached skill level 1 in Short Blades
  6724 | D:6      | Reached XP level 9. HP: 57/63 MP: 0/0
  6724 | D:6      | Learned a level 3 spell: Spider Form
  7152 | D:7      | Reached skill level 7 in Spellcasting
  8104 | D:7      | Reached * piety under Ashenzari
  8104 | D:7      | Identified a scroll of acquirement
  8109 | D:7      | Acquired a scarf of invisibility
  8524 | D:8      | Reached skill level 5 in Fighting
  8524 | D:8      | Reached skill level 1 in Evocations
  8586 | D:8      | Reached XP level 10. HP: 59/73 MP: 0/0
  8595 | D:8      | Reached skill level 8 in Spellcasting
  8595 | D:8      | Found a flagged portal.
  8597 | D:8      | Noticed Maurice
  8635 | D:8      | Killed Maurice
  8675 | Bailey   | Entered a bailey
  9152 | D:8      | Reached skill level 11 in Spellcasting
  9152 | D:8      | Reached XP level 11. HP: 79/79 MP: 0/0
  9152 | D:8      | Learned a level 5 spell: Irradiate
  9174 | D:8      | Found a runed translucent gate.
  9174 | D:8      | Found a runed translucent gate.
  9175 | D:8      | Found a runed translucent gate.
  9175 | D:8      | Noticed GimliDwarf's ghost (journeyman TeAE)
  9177 | D:8      | Found a viscous altar of Jiyva.
  9253 | D:8      | Found a staircase to the Lair.
  9334 | D:8      | Noticed a centaur warrior
  9341 | D:8      | Killed from afar by a gargoyle

Illustrated notes

Levels and vault maps discovered:
D:1:      dpeg_arrival_simpleton_a, layout_basic,
          dreamdust_ecumenical_altar_drowned_temple, minmay_misc_feat_room
D:2:      layout_basic, basic_altar
D:3:      layout_loops_ring
D:4:      layout_basic, nicolae_wu_jian_immortal_techniques,
          gup_sewer_entry_spiral, uniq_robin
D:5:      layout_loops_ring, minmay_temple_entry_butterflies, uniq_menkaure
D:6:      layout_loops_ring, minmay_overflow_temple_hex, serial_shops,
          nicolae_take_the_stairs, lemuel_flame_loot_1
D:7:      layout_layer_cave
D:8:      kennysheep_big_flooded_room, layout_basic, minmay_lair_entry_grove,
          enter_bailey_3, gammafunk_ghost_ooze, uniq_maurice
Temple:   regret_index_temple_waves

Skill      XL: |  1  2  3  4  5  6  7  8  9 10 |
---------------+-------------------------------+-----
Spellcasting   | 4 5 6 7 11 | 11.5
Fighting       | 1 2 3 4 5 6 |  6.5
Armour         | 1 2 3 4 |  4.0
Short Blades   | 1 3 4 |  4.4
Stealth        | 2 3 |  3.0
Evocations     | 2 3 |  3.9
Dodging        | |  2.1

Action                     |  1- 3 |  4- 6 |  7- 9 | 10-12 || total
---------------------------+-------+-------+-------+-------++-------
  Melee: Short sword       |       |    13 |       |       ||    13
         Rapier            |       |    43 |    19 |       ||    62
         Punch             |       |     1 |       |       ||     1
   Cast: Magic Dart        |    60 |    35 |     4 |       ||    99
         Searing Ray       |     1 |     3 |     4 |     1 ||     9
         Poisonous Vapours |       |    49 |    59 |    33 ||   141
         Iskenderun's Myst |       |     4 |    29 |    16 ||    49
         Inner Flame       |       |       |    52 |    24 ||    76
         Fulminant Prism   |       |       |     4 |       ||     4
         Irradiate         |       |       |       |     1 ||     1
 Invoke: Curse Item        |       |       |     2 |       ||     2
Ability: Evoke Invisibilit |       |       |       |     1 ||     1
    Use: Scroll            |       |       |    10 |       ||    10
         Potion            |       |       |       |     1 ||     1
 Armour: Robe              |     2 |     8 |     7 |       ||    17
         Leather armour    |       |       |       |     1 ||     1
  Dodge: Dodged            |     4 |    27 |    28 |    12 ||    71
